 Dungeon Crawl Stone Soup version 0.31-a0-986-g5e6e4ef867 (webtiles) character file.

Game seed: 5668596462236754441

882 bmack86 the Cleaver (level 7, 0/57 HPs)
             Began as a Minotaur Fighter on Nov 7, 2023.
             Was an Initiate of Gozag.
             Slain by a gnoll sergeant
             ... wielding a +4 trident of venom
              (6 damage)
             ... on level 7 of the Dungeon.
             The game lasted 00:13:06 (4761 turns).

bmack86 the Cleaver (Minotaur Fighter)              Turns: 4761, Time: 00:13:07

Health: 0/57       AC: 13    Str: 29    XL:     7   Next: 76%
Magic:  6/6        EV:  8    Int:  3    God:    Gozag
Gold:   576        SH: 14    Dex:  9    Spells: 6/6 levels left

rFire   . . .        a - +1 war axe
rCold   + + +        s - +5 kite shield "Dusottax" {rC+++ Str+6 Int-2}
rNeg    . . .        u - +0 chain mail
rPois   .            (helmet restricted)
rElec   .            k - +0 cloak
rCorr   .            (no gloves)
SInv    .            j - +2 pair of boots {Stlth+}
Will    .....        (no amulet) Stlth
                     (no ring)
HPRegen 0.29/turn    (no ring)
MPRegen 0.10/turn

%: no passive effects
@: gold aura
A: horns 2, retaliatory headbutt
a: Renounce Religion, Potion Petition, Call Merchant, Bribe Branch


You were on level 7 of the Dungeon.
You worshipped Gozag.
Gozag was pleased with you.
You visited 2 branches of the dungeon, and saw 8 of its levels.

You collected 662 gold pieces.
You spent 28 gold pieces at shops.
You paid 58 gold pieces to Gozag.

Inventory:

Hand Weapons
 a - a +1 war axe (weapon)
Missiles
 p - 2 javelins
Armour
 b - a +0 scale mail
 c - a +0 buckler
 j - a +2 pair of boots of stealth (worn)
 k - a +0 cloak (worn)
 s - the +5 kite shield "Dusottax" (worn) {rC+++ Str+6 Int-2}
   (You found it on level 2 of the Dungeon)

   Str+6:     It affects your strength (+6).
   Int-2:     It affects your intelligence (-2).
   rC+++:     It renders you almost immune to cold.
 u - a +0 chain mail (worn)
Jewellery
 d - a ring of magical power
 l - a ring of magical power
 o - a ring of protection from cold
Wands
 v - a wand of flame (4) (quivered)
Scrolls
 g - a scroll of teleportation
 h - a scroll of blinking
 m - a scroll of revelation
 n - a scroll of identify
 q - a scroll of enchant weapon
 t - a scroll of poison
 x - a scroll of butterflies {unknown}
 y - a scroll of enchant armour
Potions
 e - 2 potions of ambrosia
 f - a potion of curing
 i - 3 potions of attraction
 r - 4 potions of heal wounds
 w - a potion of mutation {unknown}


   Skills:
 - Level 3.6 Fighting
 * Level 8.8 Axes
 - Level 3.6 Armour
 + Level 7.3 Shields


You had 6 spell levels left.
You didn't know any spells.
Your spell library contained the following spells:

 Spells                   Type           Power      Damage    Failure   Level
 Apportation              Tloc           0%         N/A       99%         1
 Necrotise                Necr           0%         1d4       99%         1
 Summon Small Mammal      Summ           0%         N/A       99%         1
 Ensorcelled Hibernation  Hex/Ice        0%         N/A       100%        2
 Passwall                 Tmut/Erth      0%         N/A       100%        2
 Wereblood                Tmut           0%         N/A       100%        2
 Swiftness                Air            0%         N/A       100%        3
 Irradiate                Conj/Tmut      0%         3d11      100%        5


Dungeon Overview and Level Annotations

Branches:
Dungeon (7/15)             Temple (1/1) D:5

Altars:
Ashenzari
Cheibriados
Dithmenos
Fedhas
Gozag
Kikubaaqudgha
Okawaru
Qazlal
Sif Muna
Trog
Vehumet
Wu Jian
Xom
The Shining One

Shops:
D:3 ?


Innate Abilities, Weirdness & Mutations

You have a pair of horns on your head.
You reflexively headbutt those who attack you in melee.


Message History

The gnoll sergeant is severely wounded.
You feel sick.
The sky beast flickers out of sight!
Deactivating autopickup; reactivate with Ctrl-A.
The gnoll sergeant hits you with a +4 trident of venom!
You are more poisoned.
The gnoll sergeant blocks your attack.
The gnoll sergeant is severely wounded.
You feel very sick. You block the gnoll sergeant's attack.
The gnoll sergeant blocks your attack.
The gnoll sergeant is heavily wounded.
You slash the gnoll!
You feel very sick. You block the gnoll sergeant's attack.
You barely miss the gnoll sergeant.
Your headbutt misses the gnoll sergeant.
The gnoll sergeant is heavily wounded.
You slash the gnoll!
You kill the gnoll!
You slash the gnoll!
You feel very sick. The gnoll hits you but does no damage.
You block the gnoll sergeant's attack. The gnoll sergeant blocks your attack.
The gnoll sergeant is heavily wounded.
You closely miss the gnoll.
You feel very sick. You block the gnoll's attack.
You block the gnoll sergeant's attack.
The gnoll sergeant hits you with a +4 trident of venom!
* * * LOW HITPOINT WARNING * * *
The gnoll hits you with a +0 whip.
* * * LOW HITPOINT WARNING * * *
A sky beast appears from thin air!
Reactivating autopickup.
You block the gnoll's attack.
You feel better. The gnoll hits you but does no damage.
The gnoll hits you with a +0 whip.
* * * LOW HITPOINT WARNING * * *
The gnoll sergeant hits you with a +4 trident of venom.
You die...
Your body crumbles into a pile of gold.

*,,,,,,,,,,,,,**,* *
**,,...*,,,,,,**,***
#....#*,,,,,,,,,,,**
#.##.#*******,,,,,,**
#.##.# ***,**,,,
######.##ยง#####
*,***,,
#####....Y#####
*,***,,
####....ggg####
*,,,*,,
###.....$@..###
***,*,,
###.........### *,*,,
###.........### *,*,,
###.........### *,***
###...^<....### *,**
###.....[...### *,,*
###...[.)...### **,**
###.........### *,,,
###.........### ****


You could see a sky beast, a gnoll sergeant and 2 gnolls.

Vanquished Creatures
  A phantom (D:5)
  2 scorpions (D:6)
  A howler monkey (D:4)
  3 hounds
  An orc priest (D:4)
  5 jellies
  A sleepcap (D:4)
  3 iguanas
  3 orc wizards
  5 gnolls
  4 adders
  An ufetubus (D:6)
  2 worms (D:2)
  4 dart slugs
  16 orcs
  8 endoplasms
  3 giant cockroaches
  12 goblins
  7 hobgoblins
  2 jackals (D:5)
  9 kobolds
  A quokka (D:3)
  5 ball pythons
  6 bats
  3 frilled lizards
  8 rats
116 creatures vanquished.

Notes
Turn   | Place    | Note
-------+----------+-------------------------------------------
     0 | D:1      | bmack86 the Minotaur Fighter began the quest for the Orb.
     0 | D:1      | Reached XP level 1. HP: 19/19 MP: 0/0
   181 | D:1      | Reached XP level 2. HP: 26/26 MP: 1/1
   288 | D:1      | Reached skill level 3 in Axes
   820 | D:2      | Reached XP level 3. HP: 31/31 MP: 2/2
  1031 | D:2      | Reached skill level 5 in Shields
  1119 | D:2      | You fall into a shaft and drop 1 floor!
  1147 | D:3      | Found a blossoming altar of Fedhas.
  1319 | D:3      | Found a glowing golden altar of the Shining One.
  1375 | D:3      | Reached skill level 4 in Axes
  1380 | D:3      | Reached XP level 4. HP: 37/39 MP: 3/3
  1414 | D:3      | Found Zenionac's Magic Scroll Shop.
  1425 | D:3      | Bought a scroll of identify for 28 gold pieces
  1807 | D:2      | Identified the +5 kite shield "Dusottax" {rC+++ Str+6
                  | Int-2}
  2581 | D:4      | Found an opulent altar of Gozag.
  2600 | D:4      | Became a worshipper of Gozag Ym Sagoz the Greedy
  2625 | D:4      | Reached skill level 5 in Axes
  2625 | D:4      | Reached XP level 5. HP: 4/45 MP: 4/4
  2899 | D:4      | Reached skill level 6 in Axes
  2899 | D:4      | Reached XP level 6. HP: 27/51 MP: 5/5
  3009 | D:4      | Found a snail-covered altar of Cheibriados.
  3246 | D:4      | Found a shadowy altar of Dithmenos.
  3425 | D:5      | Entered Level 5 of the Dungeon
  3593 | D:5      | Found a staircase to the Ecumenical Temple.
  3618 | Temple   | Entered the Ecumenical Temple
  3724 | D:5      | Reached skill level 7 in Axes
  3961 | D:6      | Reached XP level 7. HP: 56/57 MP: 6/6
  4095 | D:6      | Reached skill level 8 in Axes
  4205 | D:6      | Found an ancient bone altar of Kikubaaqudgha.
  4702 | D:7      | Identified the "Maptergh"
  4703 | D:7      | Noticed an unseen horror
  4761 | D:7      | Slain by a gnoll sergeant

Illustrated notes

Levels and vault maps discovered:
D:1:      eino_arrival_cavern_e, layout_loops_ring
D:2:      layout_basic
D:3:      layout_basic, mainiacjoe_overflow_24_doors,
          mainiacjoe_overflow_alcove_1, serial_shops, nicolae_square_shop
D:4:      layout_rooms, mainiacjoe_overflow_brackets,
          nicolae_dithmenos_through_a_glass_darkly, lemuel_crystal_altar,
          st_stairs_2, nicolae_tricolors
D:5:      layout_rooms, minmay_temple_entry_drinking_statues,
          minmay_misc_feat_doors, kennysheep_generic_room_16
D:6:      layout_cave_pools, mainiacjoe_overflow_concentric_impassable,
          serial_rivers, chequers_serial_rivers_small_a,
          chequers_serial_rivers_micro_e, chequers_serial_rivers_large_b,
          chequers_serial_rivers_micro_b, minmay_misc_feat_more_columns,
          kennysheep_small_square
D:7:      layout_rooms, lemuel_doored_altar, serial_shops,
          nicolae_shop_rolled_up, enter_bailey_8
Temple:   hellmonk_temple_forest_ring

Skill      XL: |  1  2  3  4  5  6  7 |
---------------+----------------------+-----
Shields        | 4 5 6 7 |  7.3
Axes           | 3 4 5 6 7 8 |  8.8
Fighting       | |  3.6
Armour         | |  3.6

Action                     |  1- 3 |  4- 6 |  7- 9 || total
---------------------------+-------+-------+-------++-------
  Melee: War axe           |    82 |   115 |    41 ||   238
         Headbutt          |     9 |    12 |     7 ||    28
  Evoke: Wand              |       |       |     4 ||     4
    Use: Potion            |     1 |     1 |     1 ||     3
         Scroll            |       |    13 |     1 ||    14
 Armour: Scale mail        |    68 |    42 |       ||   110
         Chain mail        |       |    16 |    48 ||    64
  Dodge: Dodged            |    51 |    35 |    14 ||   100
  Block: Buckler           |    19 |     6 |       ||    25
         Kite shield       |       |    61 |    47 ||   108

Table legend: (Time is in decaauts)
 A = Elapsed time spent in this place.
 B = Non-inter-level travel time spent in this place.
 C = Inter-level travel time spent in this place.
 D = Time resting spent in this place.
 E = Time spent auto-exploring this place.
 F = Levels seen in this place.
 G = Mean time per level.
                   A        B        C        D        E       F      G
               +--------+--------+--------+--------+--------+-----+--------+
         Total |   4857 |   4712 |    145 |    403 |   2864 |   8 |  607.1 |
       Dungeon |   4856 |   4711 |    145 |    403 |   2864 |   7 |  693.7 |
        Temple |      1 |      1 |      0 |      0 |      0 |   1 |    1.0 |
               +--------+--------+--------+--------+--------+-----+--------+

Top non-repeatable levels by time:
     D:2: 1045 daAuts
     D:4: 855 daAuts
     D:6: 824 daAuts
     D:3: 787 daAuts
     D:1: 786 daAuts
     D:5: 506 daAuts
     D:7: 49 daAuts
  Temple: 1 daAuts
